TOP OF THE 1ST |
Orlando Calrissian batting - Pitching for New Orleans Looters : RHP Brad Rowland
|
Pitching: RHP Brad Rowland
|
|
Batting: RHB Earl Godwin
|
0-0: Ball 1-0: Foul Ball, location: 2F 1-1: SINGLE (Groundball, 34D)
|
Batting: RHB Jesús Gonzáles
|
0-0: Called Strike 0-1: Ball 1-1: Ball 2-1: Grounds into double play, 6-4-3 (Groundball, 6)
|
Batting: RHB Gabriel Ángel
|
0-0: Called Strike 0-1: Swinging Strike 0-2: Ball 1-2: Ball 2-2: Foul Ball, location: 2F 2-2: Strikes out swinging
|
Top of the 1st over - 0 runs, 1 hit, 0 errors, 0 left on base; Orlando 0 - New Orleans 0 |
BOTTOM OF THE 1ST |
New Orleans Looters batting - Pitching for Orlando Calrissian : RHP Gerardo García
|
Pitching: RHP Gerardo García
|
|
Batting: LHB Miguel Colón
|
0-0: Called Strike 0-1: Ball 1-1: Ball 2-1: Ball 3-1: Base on Balls
|
Batting: LHB Mario Álvarez
|
0-0: Ball 1-0: DOUBLE (Groundball, 3L) Miguel Colón to third
|
Batting: LHB John Hudson
|
0-0: Swinging Strike 0-1: Foul Ball, location: 2F 0-2: Foul Ball, location: 2F 0-2: Ball 1-2: Strikes out swinging
|
Batting: LHB Eduardo Rodríguez
|
0-0: Foul Ball, location: 2F 0-1: Ball 1-1: Ball 2-1: Called Strike 2-2: Foul Ball, location: 2F 2-2: Foul Ball, location: 2F 2-2: Ground out U3 (Groundball, 3)
|
Batting: RHB Greg Handrahan
|
0-0: SINGLE (Groundball, 56) (infield hit) Miguel Colón scores Mario Álvarez to third
|
Batting: RHB Ramón Hernández
|
0-0: Ball 1-0: Fly out, F9 (Flyball, 9LSF)
|
Bottom of the 1st over - 1 run, 2 hits, 0 errors, 2 left on base; Orlando 0 - New Orleans 1 |
TOP OF THE 2ND |
Orlando Calrissian batting - Pitching for New Orleans Looters : RHP Brad Rowland
|
Batting: LHB Zack Payton
|
0-0: Fly out, F7 (Flyball, 78D)
|
Batting: LHB Danny Allen
|
0-0: Ground out 4-3 (Groundball, 4)
|
Batting: RHB Júlio Negrón
|
0-0: Swinging Strike 0-1: SOLO HOME RUN (Flyball, 78XD), Distance : 415 ft
|
Batting: RHB Robby Lewis
|
0-0: Called Strike 0-1: Ball 1-1: Ball 2-1: Swinging Strike 2-2: SOLO HOME RUN (Flyball, 7D), Distance : 380 ft
|
Batting: RHB José Pérez
|
0-0: Ground out 5-3 (Groundball, 56)
|
Top of the 2nd over - 2 runs, 2 hits, 0 errors, 0 left on base; Orlando 2 - New Orleans 1 |
BOTTOM OF THE 2ND |
New Orleans Looters batting - Pitching for Orlando Calrissian : RHP Gerardo García
|
Batting: RHB Dan Banks
|
0-0: Called Strike 0-1: Foul Ball, location: 2F 0-2: Ball 1-2: Ball 2-2: Foul Ball, location: 2F 2-2: Foul Ball, location: 2F 2-2: Ball 3-2: Foul Ball, location: 2F 3-2: Strikes out swinging
|
Batting: RHB Tim Gardner
|
0-0: SINGLE (Flyball, 9LS)
|
Batting: RHB Run-ming Zhu
|
0-0: Ground out 5-3 (Groundball, 56S) Tim Gardner to second
|
Batting: LHB Miguel Colón
|
0-0: Ball 1-0: Fly out, F7 (Line Drive, 78M)
|
Bottom of the 2nd over - 0 runs, 1 hit, 0 errors, 1 left on base; Orlando 2 - New Orleans 1 |
TOP OF THE 3RD |
Orlando Calrissian batting - Pitching for New Orleans Looters : RHP Brad Rowland
|
Batting: RHB José Rosales
|
0-0: Ball 1-0: SOLO HOME RUN (Flyball, 78XD), Distance : 438 ft
|
Batting: RHB Earl Godwin
|
0-0: Ball 1-0: Ground out 4-3 (Groundball, 34)
|
Batting: RHB Jesús Gonzáles
|
0-0: Ground out 6-3 (Groundball, 6)
|
Batting: RHB Gabriel Ángel
|
0-0: Called Strike 0-1: Ball 1-1: Swinging Strike 1-2: Reached on error, E4 (Popup, 4)
|
Batting: LHB Zack Payton
|
0-0: Ball 1-0: Ball 2-0: Ball 3-0: Called Strike 3-1: SINGLE (Groundball, 34D) Gabriel Ángel to second
|
Batting: LHB Danny Allen
|
0-0: Ball 1-0: Called Strike 1-1: Swinging Strike 1-2: Foul Ball, location: 2F 1-2: Foul Ball, location: 2F 1-2: Ball 2-2: Fly out, F7 (Flyball, 78M)
|
Top of the 3rd over - 1 run, 2 hits, 1 error, 2 left on base; Orlando 3 - New Orleans 1 |
BOTTOM OF THE 3RD |
New Orleans Looters batting - Pitching for Orlando Calrissian : RHP Gerardo García
|
Batting: LHB Mario Álvarez
|
0-0: Ball 1-0: Called Strike 1-1: Foul Ball, location: 2F 1-2: Strikes out looking
|
Batting: LHB John Hudson
|
0-0: Swinging Strike 0-1: Called Strike 0-2: Foul Ball, location: 2F 0-2: TRIPLE (Flyball, 8LXD)
|
Batting: LHB Eduardo Rodríguez
|
0-0: Ball 1-0: Called Strike 1-1: Ball 2-1: Foul Ball, location: 2F 2-2: SINGLE (Groundball, 4MD) John Hudson scores
|
Batting: RHB Greg Handrahan
|
0-0: Ball 1-0: Foul Ball, location: 2F 1-1: Called Strike 1-2: Strikes out looking
|
Batting: RHB Ramón Hernández
|
0-0: Ball 1-0: Called Strike 1-1: Swinging Strike 1-2: Strikes out swinging
|
Bottom of the 3rd over - 1 run, 2 hits, 0 errors, 1 left on base; Orlando 3 - New Orleans 2 |
TOP OF THE 4TH |
Orlando Calrissian batting - Pitching for New Orleans Looters : RHP Brad Rowland
|
Batting: RHB Júlio Negrón
|
0-0: Ball 1-0: Fly out, F7 (Flyball, 78S)
|
Batting: RHB Robby Lewis
|
0-0: Ball 1-0: Ball 2-0: Called Strike 2-1: Fly out, F7 (Flyball, 7LS)
|
Batting: RHB José Pérez
|
0-0: Ground out U3 (Groundball, 3L)
|
Top of the 4th over - 0 runs, 0 hits, 0 errors, 0 left on base; Orlando 3 - New Orleans 2 |
BOTTOM OF THE 4TH |
New Orleans Looters batting - Pitching for Orlando Calrissian : RHP Gerardo García
|
Batting: RHB Dan Banks
|
0-0: Called Strike 0-1: Ball 1-1: Foul Ball, location: 2F 1-2: Strikes out swinging
|
Batting: RHB Tim Gardner
|
0-0: Called Strike 0-1: Ground out U3 (Groundball, 34S)
|
Batting: RHB Run-ming Zhu
|
0-0: Ball 1-0: Ball 2-0: Foul Ball, location: 2F 2-1: Ground out 5-3 (Groundball, 5S)
|
Bottom of the 4th over - 0 runs, 0 hits, 0 errors, 0 left on base; Orlando 3 - New Orleans 2 |
TOP OF THE 5TH |
Orlando Calrissian batting - Pitching for New Orleans Looters : RHP Brad Rowland
|
Pitching: LHP Ánibal Barajas
|
|
Batting: RHB José Rosales
|
0-0: Hit by Pitch
|
Batting: RHB Earl Godwin
|
0-0: Ball 1-0: Ball 2-0: Ball 3-0: Called Strike 3-1: Base on Balls José Rosales to second
|
Batting: RHB Jesús Gonzáles
|
0-0: Ball 1-0: Ball 2-0: Called Strike 2-1: Ball 3-1: Base on Balls José Rosales to third Earl Godwin to second
|
Batting: RHB Gabriel Ángel
|
0-0: Called Strike 0-1: Fly out, F8 (Flyball, 78S) Runner from 3rd tags up, SCORES, no throw
|
Batting: LHB Zack Payton
|
0-0: Ball 1-0: DOUBLE (Flyball, 78XD) Earl Godwin scores Jesús Gonzáles to third Runner from 3rd tries for Home, SAFE, no throw
|
Batting: LHB Danny Allen
|
0-0: Ball 1-0: Ball 2-0: Ground out 4-3 (Groundball, 4) Zack Payton to third
|
Batting: RHB Júlio Negrón
|
0-0: Ball 1-0: SINGLE (Groundball, 34D) Zack Payton scores
|
Batting: RHB Robby Lewis
|
0-0: Ball 1-0: Fielders Choice at 2nd, 5-4 (Groundball, 5)
|
Top of the 5th over - 4 runs, 2 hits, 0 errors, 1 left on base; Orlando 7 - New Orleans 2 |
BOTTOM OF THE 5TH |
New Orleans Looters batting - Pitching for Orlando Calrissian : RHP Gerardo García
|
Pitching: RHP Lance Sanders
|
|
Batting: LHB Miguel Colón
|
0-0: TRIPLE (Flyball, 9LD)
|
Batting: LHB Mario Álvarez
|
0-0: Ground out U3 (Groundball, 34S) Miguel Colón scores
|
Batting: LHB John Hudson
|
0-0: Ball 1-0: SINGLE (Line Drive, 4M)
|
Batting: LHB Eduardo Rodríguez
|
0-0: Ball 1-0: Called Strike 1-1: Ball 2-1: Ball 3-1: Foul Ball, location: 2F 3-2: Strikes out swinging John Hudson is caught stealing 2nd base Batter strikes out.
|
Bottom of the 5th over - 1 run, 2 hits, 0 errors, 0 left on base; Orlando 7 - New Orleans 3 |
TOP OF THE 6TH |
Orlando Calrissian batting - Pitching for New Orleans Looters : LHP Ánibal Barajas
|
Pitching: RHP Anthony O'Connor
|
|
Batting: RHB José Pérez
|
0-0: Called Strike 0-1: Ball 1-1: Ball 2-1: Ball 3-1: Foul Ball, location: 2F 3-2: Strikes out swinging
|
Batting: RHB José Rosales
|
0-0: Called Strike 0-1: Foul Ball, location: 2F 0-2: Ball 1-2: Foul Ball, location: 2F 1-2: Ball 2-2: Foul Ball, location: 2F 2-2: Strikes out swinging
|
Pinch Hitting: SHB Javier Jiménez
|
0-0: Ball 1-0: Called Strike 1-1: SOLO HOME RUN (Flyball, 9D), Distance : 381 ft
|
Pinch Hitting: RHB Raúl Canó
|
0-0: Ball 1-0: Called Strike 1-1: Ground out 6-3 (Groundball, 6)
|
Top of the 6th over - 1 run, 1 hit, 0 errors, 0 left on base; Orlando 8 - New Orleans 3 |
BOTTOM OF THE 6TH |
New Orleans Looters batting - Pitching for Orlando Calrissian : RHP Lance Sanders
|
Now at SS: Jason Mason
|
|
Now in LF: Javier Jiménez
|
|
Batting: RHB Greg Handrahan
|
0-0: Called Strike 0-1: Swinging Strike 0-2: Ball 1-2: Ball 2-2: Ball 3-2: Base on Balls
|
Batting: RHB Ramón Hernández
|
0-0: Swinging Strike 0-1: Foul Ball, location: 2F 0-2: Grounds into double play, 5-4-3 (Groundball, 56)
|
Batting: RHB Dan Banks
|
0-0: Called Strike 0-1: Called Strike 0-2: Ball 1-2: Foul Ball, location: 2F 1-2: Ball 2-2: Ball 3-2: Fly out, F9 (Flyball, 9)
|
Bottom of the 6th over - 0 runs, 0 hits, 0 errors, 0 left on base; Orlando 8 - New Orleans 3 |
TOP OF THE 7TH |
Orlando Calrissian batting - Pitching for New Orleans Looters : RHP Anthony O'Connor
|
Pinch Hitting: RHB Frederico Hernández
|
0-0: Foul Ball, location: 2F 0-1: Foul Ball, location: 2F 0-2: Foul Ball, location: 2F 0-2: Ball 1-2: Fly out, F2 (Popup, 23F)
|
Batting: LHB Juan Colón
|
0-0: Ball 1-0: Called Strike 1-1: Foul Ball, location: 2F 1-2: Ground out 1-3 (Groundball, 13S)
|
Pinch Hitting: LHB Craig Kenney
|
0-0: Called Strike 0-1: Ball 1-1: Fly out, F6 (Line Drive, 6)
|
Top of the 7th over - 0 runs, 0 hits, 0 errors, 0 left on base; Orlando 8 - New Orleans 3 |
BOTTOM OF THE 7TH |
New Orleans Looters batting - Pitching for Orlando Calrissian : RHP Lance Sanders
|
Now in CF: Craig Kenney
|
|
Now in RF: Frederico Hernández
|
|
Batting: RHB Tim Gardner
|
0-0: Ball 1-0: Called Strike 1-1: Foul Ball, location: 2F 1-2: DOUBLE (Line Drive, 78D)
|
Batting: RHB Run-ming Zhu
|
0-0: Ball 1-0: Ball 2-0: Fly out, F7 (Line Drive, 7)
|
Pinch Hitting: LHB Taylor Smith
|
0-0: Called Strike 0-1: Swinging Strike 0-2: Ball 1-2: Ball 2-2: Ground out 4-3 (Groundball, 4D) Tim Gardner to third
|
Pitching: LHP Richard Dorris
|
|
Pinch Hitting: RHB Albert Lutz
|
0-0: Ground out 5-3 (Groundball, 25)
|
Bottom of the 7th over - 0 runs, 1 hit, 0 errors, 1 left on base; Orlando 8 - New Orleans 3 |
TOP OF THE 8TH |
Orlando Calrissian batting - Pitching for New Orleans Looters : RHP Anthony O'Connor
|
Now at 1B: Taylor Smith
|
|
Now at SS: Dave O'Loan
|
|
Pinch Hitting: LHB Juan Jose Pineda
|
0-0: Ball 1-0: SINGLE (Groundball, 34D)
|
Pinch Hitting: RHB Sean White
|
0-0: Fly out, F7 (Flyball, 78D)
|
Pinch Hitting: SHB Brian Price
|
0-0: Ball 1-0: Ball 2-0: Called Strike 2-1: Called Strike 2-2: Ball 3-2: Foul Ball, location: 2F 3-2: Base on Balls Juan Jose Pineda to second
|
Batting: RHB José Rosales
|
0-0: Ball 1-0: Ball 2-0: Grounds into double play, 1-6-3 (Groundball, P)
|
Top of the 8th over - 0 runs, 1 hit, 0 errors, 1 left on base; Orlando 8 - New Orleans 3 |
BOTTOM OF THE 8TH |
New Orleans Looters batting - Pitching for Orlando Calrissian : LHP Richard Dorris
|
Now at 1B: Tim Abbott
|
|
Now at 2B: Sean White
|
|
Now at 3B: Brian Price
|
|
Batting: RHB Millard Stark
|
0-0: Called Strike 0-1: Ball 1-1: Swinging Strike 1-2: Foul Ball, location: 2F 1-2: Fly out, F7 (Line Drive, 7)
|
Pinch Hitting: SHB Oliver Deleón
|
0-0: Foul Ball, location: 2F 0-1: Foul Ball, location: 2F 0-2: Foul Ball, location: 2F 0-2: Ball 1-2: Ground out 4-3 (Groundball, 4)
|
Pinch Hitting: RHB Rubén Vázquez
|
0-0: Ball 1-0: Ball 2-0: DOUBLE (Line Drive, 7LM)
|
Pinch Hitting: SHB Arturo Sánchez
|
0-0: Called Strike 0-1: SINGLE (Groundball, 6D) Rubén Vázquez to third Runner from 3rd tries for Home, SAFE, no throw
|
Pinch Hitting: RHB Justin Harris
|
0-0: Called Strike 0-1: DOUBLE (Line Drive, 7LM) Arturo Sánchez to third
|
Batting: RHB Tim Gardner
|
0-0: Ball 1-0: Foul Ball, location: 2F 1-1: Foul Ball, location: 2F 1-2: Ball 2-2: Ball 3-2: Fly out, F8 (Flyball, 8RS)
|
Bottom of the 8th over - 1 run, 3 hits, 0 errors, 2 left on base; Orlando 8 - New Orleans 4 |
BOTTOM OF THE 9TH |
New Orleans Looters batting - Pitching for Orlando Calrissian : LHP Richard Dorris
|
Pinch Hitting: RHB Kolomon Meise
|
0-0: Fly out, F4 (Line Drive, 4)
|
Batting: LHB Taylor Smith
|
0-0: Foul Ball, location: 2F 0-1: Ground out 4-3 (Groundball, 4)
|
Batting: RHB Dave O'Loan
|
0-0: Ball 1-0: Fly out, F9 (Line Drive, 89M)
|
Bottom of the 9th over - 0 runs, 0 hits, 0 errors, 0 left on base; Orlando 8 - New Orleans 4 |
|